Boston Bruins vs Calgary Flames
Created - Wednesday, October 16, 2024 at 10:00
Goals
|
| Boston Bruins |
1 |
1 |
1 |
0 |
0 |
3 |
| Calgary Flames |
0 |
2 |
1 |
0 |
1 |
4 |
|
Shots
|
| Boston Bruins |
4 |
14 |
14 |
1 |
3 |
33 |
| Calgary Flames |
11 |
15 |
12 |
2 |
3 |
40 |
|
1st period
1. Boston Bruins , Alex Newhook 14 (Nick Perbix 16) at 9:02
Penalties :
Alex Vlasic (BOS) for Roughing (Minor) at 9:14, Joel Farabee (BOS) for Tripping (Minor) at 18:54
2nd period
2. Boston Bruins , Morgan Geekie 10 (Ryan Strome 17) at 3:25
3. Calgary Flames , Garnet Hathaway 2 (Nic Dowd 8, Jeremy Lauzon 6) at 14:15
4. Calgary Flames , Oliver Bjorkstrand 10 (Mathieu Joseph 5, Jake Middleton 11) at 17:05
Penalties :
John Ludvig (BOS) for Hooking (Minor) at 14:41
3rd period
5. Calgary Flames , J.T. Miller 16 (Kris Letang 11) at 7:20
6. Boston Bruins , Angus Crookshank 7 (Anthony Beauvillier 12) at 12:23
Penalties :
Jeremy Lauzon (CGY) for Fighting (Major) at 3:10, Alex Vlasic (BOS) for Fighting (Major) at 3:10, Matthew Tkachuk (CGY) for Hooking (Minor) at 4:22, Garnet Hathaway (CGY) for High sticking (Minor) at 8:40, Jeremy Lauzon (CGY) for Fighting (Major) at 11:07, John Ludvig (BOS) for Fighting (Major) at 11:07, Tyson Barrie (BOS) for High sticking (Minor) at 13:30
Overtime #1
No Goal
Penalties :
No Penalty
Shootout
Boston Bruins, Alex Newhook - Stopped by Ilya Sorokin
Calgary Flames, J.T. Miller - Stopped by Olivier Rodrigue
Boston Bruins, Joel Farabee - Stopped by Ilya Sorokin
Calgary Flames, Sebastian Aho - Shot Misses the Net
Boston Bruins, Ryan Strome - Stopped by Ilya Sorokin
Calgary Flames, Joel Eriksson Ek - Goal!
Penalties :
No Penalty
Goalie Stats
Olivier Rodrigue (BOS), 37 saves from 40 shots - (0.925), OTL, 5-9-3, 65:00 minutes
Ilya Sorokin (CGY), 30 saves from 33 shots - (0.909), W, 25-13-4, 65:00 minutes
Players Stats for Boston Bruins
Player Name G A P +/- PIM S H SB GA TA FO MP PP MP PK MP
------------------------------------------------------------------------------------
Aatu Raty 0 0 0 -1 0 0 1 0 0 0 1/2 10:52 0:00 0:00
Alex Newhook 1 0 1 1 0 8 2 2 2 2 7/14 21:52 2:04 3:54
Alex Vlasic 0 0 0 -1 7 0 1 0 0 0 0/0 20:59 1:17 2:56
Anders Lee 0 0 0 1 0 1 4 0 0 0 2/4 21:02 2:04 3:40
Angus Crookshank 1 0 1 -1 0 2 2 0 0 0 0/0 11:28 0:00 0:00
Anthony Beauvillier 0 1 1 -1 0 0 0 1 0 0 0/0 11:08 0:00 0:00
Cam York 0 0 0 -1 0 3 1 2 0 0 0/0 25:16 2:45 4:31
Drew O'Connor 0 0 0 -1 0 3 2 1 0 1 1/2 14:57 0:00 1:15
Jack Studnicka 0 0 0 -1 0 0 0 0 1 0 5/15 11:36 0:00 0:00
Joel Farabee 0 0 0 1 2 2 2 0 0 0 1/1 20:33 2:04 3:01
John Ludvig 0 0 0 1 7 0 1 0 0 1 0/0 17:31 0:00 2:27
John-Jason Peterka 0 0 0 -1 0 4 0 1 2 0 1/2 12:58 0:00 0:00
Michael Kesselring 0 0 0 0 0 1 0 3 0 1 0/0 19:43 1:40 0:11
Michael Rasmussen 0 0 0 1 0 0 1 2 0 0 0/1 14:44 1:54 0:22
Morgan Geekie 1 0 1 1 0 5 2 0 1 0 0/0 13:03 1:54 0:00
Nick Perbix 0 1 1 1 0 0 1 0 0 1 0/0 25:18 1:13 4:00
Ryan Strome 0 1 1 1 0 1 2 0 0 0 10/20 18:35 1:54 3:40
Tyson Barrie 0 0 0 0 2 3 1 1 0 2 0/0 20:23 1:01 1:47
Players Stats for Calgary Flames
Player Name G A P +/- PIM S H SB GA TA FO MP PP MP PK MP
------------------------------------------------------------------------------------
Cole Sillinger 0 0 0 0 0 3 0 0 0 0 0/0 13:39 0:00 0:51
Drew Doughty 0 0 0 0 0 4 1 2 0 2 0/0 26:15 4:17 2:25
Garnet Hathaway 1 0 1 -1 2 4 2 0 0 0 0/0 9:45 0:00 0:00
J.T. Miller 1 0 1 1 0 5 3 0 1 1 10/18 18:01 3:53 0:39
Jake Middleton 0 1 1 1 0 0 0 2 0 1 0/0 15:02 0:00 0:00
Jeff Petry 0 0 0 -1 0 2 2 0 0 0 0/0 24:32 3:39 1:33
Jeremy Lauzon 0 1 1 2 10 0 1 0 0 0 0/0 12:21 0:00 0:00
Joel Eriksson Ek 0 0 0 0 0 3 1 0 2 1 1/5 21:02 4:03 1:58
Kris Letang 0 1 1 0 0 1 0 1 0 0 0/0 26:15 4:17 2:25
Mathieu Joseph 0 1 1 0 0 4 1 0 1 0 1/1 12:00 0:00 0:00
Matthew Tkachuk 0 0 0 1 2 3 4 0 1 0 0/0 19:52 4:03 0:54
Nic Dowd 0 1 1 -1 0 2 1 0 1 0 4/6 10:25 0:00 0:00
Oliver Bjorkstrand 1 0 1 0 0 4 0 0 0 1 5/9 13:00 0:00 0:00
Pavel Zacha 0 0 0 1 0 0 1 1 0 0 3/6 20:47 4:03 1:44
Rasmus Andersson 0 0 0 -2 0 2 0 0 0 0 0/0 25:33 3:39 1:33
Sebastian Aho 0 0 0 0 0 0 2 0 1 0 8/14 20:59 3:53 1:50
Yakov Trenin 0 0 0 -1 0 2 1 0 0 0 0/0 9:25 0:00 0:00
Zach Hyman 0 0 0 0 0 1 2 0 1 0 1/2 17:05 3:53 0:00
3 Stars
1 - J.T. Miller (CGY)
2 - Alex Newhook (BOS)
3 - Morgan Geekie (BOS)
Power Play
Boston Bruins - 0 on 2 Attempt(s) - 0.00%
Calgary Flames - 0 on 4 Attempt(s) - 0.00%
Penalty Kill
Boston Bruins - 4 on 4 Attempt(s) - 100.00%
- Score 0 goal in Penalty Kill
Calgary Flames - 2 on 2 Attempt(s) - 100.00%
- Score 0 goal in Penalty Kill
Team Stat
Boston Bruins - Hits : 23 - Faceoff Wins : 28 - Blocked Shots : 13 - Penalty Minutes : 18
Calgary Flames - Hits : 22 - Faceoff Wins : 33 - Blocked Shots : 6 - Penalty Minutes : 14
Official
Referees : Brandon Schrader and Jake Brenk
Linesman : Jesse Marquis and Bevan Mills
Game Notes
Jeremy Lauzon and Alex Vlasic fight to a draw at 3:10 of 3rd period
Jeremy Lauzon beats up John Ludvig at 11:07 of 3rd period
Finance
Level 1 -- Attendance: 4697 (78.28%) -- Ticket Income $469,700
Level 2 -- Attendance: 3985 (79.70%) -- Ticket Income $239,100
Level 3 -- Attendance: 2230 (74.33%) -- Ticket Income $78,050
Level 4 -- Attendance: 3764 (75.28%) -- Ticket Income $94,100
Luxury Box -- Attendance: 769 (76.90%) -- Ticket Income $153,800
Game was played at the Scotiabank Saddledome.
Total Attendance: 15445 (77.23%)
Total Ticket Income: $1,034,750
Other Income: $362,162
Total Income: $1,396,912
Boston Bruins
5 vs 5 Forward
Center Left Wing Right Wing Time % Phy DF OF
1 Alex Newhook Anders Lee Joel Farabee 30 1 2 2
2 Ryan Strome Michael Rasmussen Morgan Geekie 30 1 2 2
3 Jack Studnicka Drew O'Connor John-Jason Peterka 25 1 2 2
4 Aatu Raty Angus Crookshank Anthony Beauvillier 15 1 2 2
5 vs 5 Defense
Defense Defense Time % Phy DF OF
1 Cam York Alex Vlasic 35 1 2 2
2 Nick Perbix Tyson Barrie 35 1 2 2
3 Michael Kesselring John Ludvig 30 1 2 2
4 Cam York Alex Vlasic 0 1 2 2
PowerPlay Forward
Center Left Wing Right Wing Time % Phy DF OF
1 Alex Newhook Anders Lee Joel Farabee 50 1 2 2
2 Ryan Strome Michael Rasmussen Morgan Geekie 50 1 2 2
PowerPlay Defense
Defense Defense Time % Phy DF OF
1 Cam York Alex Vlasic 50 1 2 2
2 Nick Perbix Michael Kesselring 50 1 2 2
Penalty Kill 4 Players Forward
Center Wing Time % Phy DF OF
1 Alex Newhook Joel Farabee 50 1 2 2
2 Ryan Strome Anders Lee 50 1 2 2
Penalty Kill 4 Players Defense
Defense Defense Time % Phy DF OF
1 Cam York Alex Vlasic 50 1 2 2
2 Nick Perbix John Ludvig 50 1 2 2
Penalty Kill - 3 Players Forward
Forward Time % Phy DF OF
1 Alex Newhook 50 1 2 2
2 Joel Farabee 50 1 2 2
Penalty Kill - 3 Players Defense
Defense Defense Time % Phy DF OF
1 Cam York Alex Vlasic 50 1 2 2
2 Nick Perbix John Ludvig 50 1 2 2
4 vs 4 Forward
Center Wing Time % Phy DF OF
1 Alex Newhook Joel Farabee 50 1 2 2
2 Ryan Strome Anders Lee 50 1 2 2
4 vs 4 Defense
Defense Defense Time % Phy DF OF
1 Cam York Alex Vlasic 50 1 2 2
2 Nick Perbix Michael Kesselring 50 1 2 2
Last Minutes Offensive
Center Left Wing Right Wing Defense Defense
Alex Newhook Anders Lee Joel Farabee Cam York Alex Vlasic
Last Minutes Defensive
Center Left Wing Right Wing Defense Defense
Alex Newhook Anders Lee Joel Farabee Cam York Alex Vlasic
Goaltenders
Starting : Olivier Rodrigue
Backup : Pyotr Kochetkov
Extra Forwards
Normal : Angus Crookshank, John-Jason Peterka, Drew O'Connor - PP : Angus Crookshank, John-Jason Peterka - PK : Drew O'Connor
Extra Defensemen
Normal : Michael Kesselring, John Ludvig, Nick Perbix - PP : Michael Kesselring - PK : John Ludvig, Nick Perbix
Penalty Shots
Alex Newhook, Joel Farabee, Ryan Strome, Anders Lee, Michael Rasmussen
Scratches
Matt Grzelcyk (Healthy), Fabian Lysell (Healthy), Beck Malenstyn (Healthy), Samuel Bolduc (Healthy), Jacob Moverare (Healthy)
Calgary Flames
5 vs 5 Forward
Center Left Wing Right Wing Time % Phy DF OF
1 J.T. Miller Pavel Zacha Matthew Tkachuk 30 1 2 2
2 Sebastian Aho Zach Hyman Joel Eriksson Ek 30 1 2 2
3 Oliver Bjorkstrand Cole Sillinger Mathieu Joseph 25 1 2 2
4 Nic Dowd Yakov Trenin Garnet Hathaway 15 1 2 2
5 vs 5 Defense
Defense Defense Time % Phy DF OF
1 Drew Doughty Kris Letang 35 1 2 2
2 Rasmus Andersson Jeff Petry 35 1 2 2
3 Jake Middleton Jeremy Lauzon 30 1 2 2
4 Drew Doughty Kris Letang 0 1 2 2
PowerPlay Forward
Center Left Wing Right Wing Time % Phy DF OF
1 Joel Eriksson Ek Pavel Zacha Matthew Tkachuk 50 1 2 2
2 Sebastian Aho Zach Hyman J.T. Miller 50 1 2 2
PowerPlay Defense
Defense Defense Time % Phy DF OF
1 Drew Doughty Kris Letang 50 1 2 2
2 Rasmus Andersson Jeff Petry 50 1 2 2
Penalty Kill 4 Players Forward
Center Wing Time % Phy DF OF
1 Pavel Zacha Sebastian Aho 50 1 2 2
2 Joel Eriksson Ek Matthew Tkachuk 50 1 2 2
Penalty Kill 4 Players Defense
Defense Defense Time % Phy DF OF
1 Drew Doughty Kris Letang 50 1 2 2
2 Rasmus Andersson Jeff Petry 50 1 2 2
Penalty Kill - 3 Players Forward
Forward Time % Phy DF OF
1 Matthew Tkachuk 50 1 2 2
2 Sebastian Aho 50 1 2 2
Penalty Kill - 3 Players Defense
Defense Defense Time % Phy DF OF
1 Drew Doughty Kris Letang 50 1 2 2
2 Rasmus Andersson Jeff Petry 50 1 2 2
4 vs 4 Forward
Center Wing Time % Phy DF OF
1 Pavel Zacha Sebastian Aho 50 1 2 2
2 Joel Eriksson Ek Matthew Tkachuk 50 1 2 2
4 vs 4 Defense
Defense Defense Time % Phy DF OF
1 Drew Doughty Kris Letang 50 1 2 2
2 Rasmus Andersson Jeff Petry 50 1 2 2
Last Minutes Offensive
Center Left Wing Right Wing Defense Defense
J.T. Miller Pavel Zacha Matthew Tkachuk Drew Doughty Kris Letang
Last Minutes Defensive
Center Left Wing Right Wing Defense Defense
J.T. Miller Pavel Zacha Matthew Tkachuk Drew Doughty Kris Letang
Goaltenders
Starting : Ilya Sorokin
Backup : Samuel Montembeault
Extra Forwards
Normal : Nic Dowd, Oliver Bjorkstrand, Cole Sillinger - PP : Nic Dowd, Oliver Bjorkstrand - PK : Cole Sillinger
Extra Defensemen
Normal : Jake Middleton, Jeremy Lauzon, Rasmus Andersson - PP : Jake Middleton - PK : Jeremy Lauzon, Rasmus Andersson
Penalty Shots
J.T. Miller, Sebastian Aho, Joel Eriksson Ek, Matthew Tkachuk, Pavel Zacha
Scratches
Timo Meier (Healthy), Noel Acciari (Healthy), Rafael Harvey-Pinard (Healthy)
% Time on Ice - Boston Bruins
Lines # - Real PCT - Wanted PCT - Time Play
Normal Forward
1 - 29% - 30% - 13:57
2 - 26% - 30% - 12:40
3 - 24% - 25% - 11:36
4 - 21% - 15% - 9:53
Normal Defense
1 - 34% - 35% - 16:13
2 - 36% - 35% - 17:19
3 - 29% - 30% - 14:07
4 - 1% - 0% - 0:27
PP Forward
1 - 52% - 50% - 2:04
2 - 48% - 50% - 1:54
PP Defense
1 - 69% - 50% - 2:45
2 - 31% - 50% - 1:13
PK Forward
1 - 51% - 50% - 4:04
2 - 49% - 50% - 3:52
PK Defense
1 - 42% - 50% - 3:21
2 - 58% - 50% - 4:35
PK3 Forward
1 - 0% - 50%
2 - 0% - 50%
PK3 Defense
1 - 0% - 50%
2 - 0% - 50%
44 Forward
1 - 51% - 50% - 2:32
2 - 49% - 50% - 2:28
44 Defense
1 - 54% - 50% - 2:43
2 - 46% - 50% - 2:17
Last Minute Offensive - 0:00
Last Minute Defensive - 0:00
Total
Forward - 65:00
Defense - 65:00
|
% Time on Ice - Calgary Flames
Lines # - Real PCT - Wanted PCT - Time Play
Normal Forward
1 - 28% - 30% - 13:23
2 - 28% - 30% - 13:18
3 - 25% - 25% - 12:00
4 - 20% - 15% - 9:25
Normal Defense
1 - 36% - 35% - 17:08
2 - 34% - 35% - 16:29
3 - 30% - 30% - 14:29
4 - 0% - 0% - 0:00
PP Forward
1 - 51% - 50% - 4:03
2 - 49% - 50% - 3:53
PP Defense
1 - 54% - 50% - 4:17
2 - 46% - 50% - 3:39
PK Forward
1 - 37% - 50% - 1:28
2 - 63% - 50% - 2:30
PK Defense
1 - 61% - 50% - 2:25
2 - 39% - 50% - 1:33
PK3 Forward
1 - 0% - 50%
2 - 0% - 50%
PK3 Defense
1 - 0% - 50%
2 - 0% - 50%
44 Forward
1 - 50% - 50% - 2:30
2 - 50% - 50% - 2:30
44 Defense
1 - 48% - 50% - 2:25
2 - 52% - 50% - 2:35
Last Minute Offensive - 0:00
Last Minute Defensive - 0:00
Total
Forward - 65:00
Defense - 65:00
|
Play-by-Play
1st period
0:01 of 1st period - J.T. Miller wins face-off versus Alex Newhook in neutral zone.
0:04 of 1st period - Wrist shot by J.T. Miller.
0:04 of 1st period - Shot Blocked by Cam York.
0:06 of 1st period - Slapshot by Drew Doughty.
0:06 of 1st period - Stopped by Olivier Rodrigue with a rebound.
0:08 of 1st period - Snap shot by Kris Letang.
0:08 of 1st period - Shot Misses the Net.
0:10 of 1st period - Snap shot by Drew Doughty.
0:10 of 1st period - Shot Misses the Net.
0:12 of 1st period - Slapshot by Drew Doughty.
0:12 of 1st period - Shot Blocked by Cam York.
0:28 of 1st period - Snap shot by Mathieu Joseph.
0:28 of 1st period - Stopped by Olivier Rodrigue with a rebound.
0:30 of 1st period - Slapshot by Mathieu Joseph.
0:30 of 1st period - Shot Misses the Net.
0:54 of 1st period - Snap shot by Ryan Strome.
0:54 of 1st period - Stopped by Ilya Sorokin without a rebound.
0:55 of 1st period - Ryan Strome wins face-off versus Nic Dowd in Calgary Flames zone.
2:30 of 1st period - Icing by Tyson Barrie.
2:31 of 1st period - Nic Dowd wins face-off versus Anders Lee in Boston Bruins zone.
2:56 of 1st period - Slapshot by J.T. Miller.
2:56 of 1st period - Shot Blocked by Alex Newhook.
3:10 of 1st period - Snap shot by Anders Lee.
3:10 of 1st period - Shot Misses the Net.
3:30 of 1st period - Wrist shot by Matthew Tkachuk.
3:30 of 1st period - Stopped by Olivier Rodrigue without a rebound.
3:31 of 1st period - Jack Studnicka wins face-off versus Sebastian Aho in Boston Bruins zone.
3:58 of 1st period - Jeremy Lauzon is hit by Ryan Strome.
4:40 of 1st period - Pavel Zacha is hit by Cam York and loses puck.
5:03 of 1st period - Alex Vlasic is hit by Zach Hyman and loses puck.
5:35 of 1st period - Snap shot by Mathieu Joseph.
5:35 of 1st period - Stopped by Olivier Rodrigue with a rebound.
5:37 of 1st period - Slapshot by Jeff Petry.
5:37 of 1st period - Shot Blocked by Michael Kesselring.
5:39 of 1st period - Wrist shot by Nic Dowd.
5:39 of 1st period - Shot Misses the Net.
5:41 of 1st period - Slapshot by Rasmus Andersson.
5:41 of 1st period - Stopped by Olivier Rodrigue with a rebound.
6:02 of 1st period - Snap shot by J.T. Miller.
6:02 of 1st period - Stopped by Olivier Rodrigue with a rebound.
6:26 of 1st period - Sebastian Aho is hit by Morgan Geekie and loses puck.
6:45 of 1st period - Snap shot by Joel Farabee.
6:45 of 1st period - Shot Blocked by Jake Middleton.
7:01 of 1st period - Garnet Hathaway is hit by Michael Rasmussen and loses puck.
7:18 of 1st period - Sebastian Aho is hit by Aatu Raty and loses puck.
9:02 of 1st period - Snap shot by Alex Newhook.
9:02 of 1st period - Goal by Alex Newhook - Boston Bruins : 1 - Calgary Flames : 0.
9:03 of 1st period - Ryan Strome wins face-off versus Sebastian Aho in neutral zone.
9:12 of 1st period - Snap shot by Zach Hyman.
9:12 of 1st period - Shot Blocked by Michael Rasmussen.
9:14 of 1st period - Minor Penalty to Alex Vlasic for Roughing.
9:15 of 1st period - Joel Eriksson Ek wins face-off versus Alex Newhook in Boston Bruins zone.
9:42 of 1st period - John Ludvig is hit by J.T. Miller and loses puck.
11:14 of 1st period - Penalty to Alex Vlasic is over, Alex Vlasic is back on ice.
11:24 of 1st period - Wrist shot by Michael Rasmussen.
11:24 of 1st period - Shot Misses the Net.
12:42 of 1st period - Wrist shot by Mathieu Joseph.
12:42 of 1st period - Stopped by Olivier Rodrigue with a rebound.
12:44 of 1st period - Snap shot by Jeff Petry.
12:44 of 1st period - Deflect By Oliver Bjorkstrand.
12:44 of 1st period - Shot Misses the Net.
12:44 of 1st period - Puck is out of play.
12:45 of 1st period - Sebastian Aho wins face-off versus Alex Newhook in Boston Bruins zone.
13:12 of 1st period - Kris Letang is hit by Angus Crookshank and loses puck.
13:27 of 1st period - Nick Perbix is hit by Matthew Tkachuk.
13:42 of 1st period - Yakov Trenin is hit by Joel Farabee and loses puck.
13:55 of 1st period - Anthony Beauvillier is hit by Jeremy Lauzon.
14:05 of 1st period - Ryan Strome is hit by Matthew Tkachuk and loses puck.
14:52 of 1st period - Kris Letang is hit by Morgan Geekie and loses puck.
15:08 of 1st period - Icing by Anthony Beauvillier.
15:09 of 1st period - Nic Dowd wins face-off versus Jack Studnicka in Boston Bruins zone.
15:49 of 1st period - Off-side.
15:50 of 1st period - John-Jason Peterka wins face-off versus Zach Hyman in neutral zone.
15:59 of 1st period - Snap shot by Zach Hyman.
15:59 of 1st period - Stopped by Olivier Rodrigue with a rebound.
16:01 of 1st period - Wrist shot by Zach Hyman.
16:01 of 1st period - Deflect By Joel Eriksson Ek.
16:01 of 1st period - Shot Blocked by John-Jason Peterka.
16:01 of 1st period - Puck is out of play.
16:02 of 1st period - Anders Lee wins face-off versus Pavel Zacha in Boston Bruins zone.
16:02 of 1st period - Anders Lee is hit by J.T. Miller.
16:08 of 1st period - Matthew Tkachuk is hit by Anders Lee and loses puck.
16:54 of 1st period - Tyson Barrie is hit by Jeff Petry and loses puck.
17:12 of 1st period - Off-side.
17:13 of 1st period - Alex Newhook wins face-off versus Nic Dowd in neutral zone.
17:16 of 1st period - Wrist shot by Anders Lee.
17:16 of 1st period - Deflect By Joel Farabee.
17:16 of 1st period - Stopped by Ilya Sorokin with a rebound.
17:26 of 1st period - Snap shot by Nic Dowd.
17:26 of 1st period - Stopped by Olivier Rodrigue with a rebound.
17:28 of 1st period - Wrist shot by Garnet Hathaway.
17:28 of 1st period - Shot Misses the Net.
17:46 of 1st period - Snap shot by Drew O'Connor.
17:46 of 1st period - Stopped by Ilya Sorokin without a rebound.
17:47 of 1st period - Sebastian Aho wins face-off versus Ryan Strome in Calgary Flames zone.
18:43 of 1st period - Wrist shot by Drew Doughty.
18:43 of 1st period - Stopped by Olivier Rodrigue with a rebound.
18:45 of 1st period - Snap shot by Yakov Trenin.
18:45 of 1st period - Shot Misses the Net.
18:47 of 1st period - Slapshot by Kris Letang.
18:47 of 1st period - Stopped by Olivier Rodrigue with a rebound.
18:49 of 1st period - Slapshot by Nic Dowd.
18:49 of 1st period - Shot Blocked by Alex Newhook.
18:54 of 1st period - Minor Penalty to Joel Farabee for Tripping.
18:55 of 1st period - Ryan Strome wins face-off versus Sebastian Aho in Boston Bruins zone.
19:41 of 1st period - Sebastian Aho is hit by Anders Lee and loses puck.
19:51 of 1st period - Icing by Drew Doughty.
19:52 of 1st period - Alex Newhook wins face-off versus Sebastian Aho in Calgary Flames zone.
Goals for this period are 1 for Boston Bruins vs 0 for Calgary Flames.
Shots for this period are 4 for Boston Bruins vs 11 for Calgary Flames.
2nd period
0:01 of 2nd period - Ryan Strome wins face-off versus Joel Eriksson Ek in neutral zone.
0:04 of 2nd period - Snap shot by Anders Lee.
0:04 of 2nd period - Shot Misses the Net.
0:12 of 2nd period - Wrist shot by Joel Eriksson Ek.
0:12 of 2nd period - Stopped by Olivier Rodrigue without a rebound.
0:13 of 2nd period - Pavel Zacha wins face-off versus Ryan Strome in Boston Bruins zone.
0:22 of 2nd period - Snap shot by Matthew Tkachuk.
0:22 of 2nd period - Deflect By Joel Eriksson Ek.
0:22 of 2nd period - Stopped by Olivier Rodrigue with a rebound.
0:24 of 2nd period - Snap shot by Matthew Tkachuk.
0:24 of 2nd period - Stopped by Olivier Rodrigue with a rebound.
0:54 of 2nd period - Penalty to Joel Farabee is over, Joel Farabee is back on ice.
1:09 of 2nd period - Snap shot by Oliver Bjorkstrand.
1:09 of 2nd period - Stopped by Olivier Rodrigue with a rebound.
1:21 of 2nd period - Snap shot by Michael Rasmussen.
1:21 of 2nd period - Shot Blocked by Kris Letang.
1:27 of 2nd period - Wrist shot by Morgan Geekie.
1:27 of 2nd period - Stopped by Ilya Sorokin with a rebound.
1:49 of 2nd period - Matthew Tkachuk is hit by John Ludvig and loses puck.
2:08 of 2nd period - Snap shot by John-Jason Peterka.
2:08 of 2nd period - Stopped by Ilya Sorokin without a rebound.
2:09 of 2nd period - Sebastian Aho wins face-off versus Ryan Strome in Calgary Flames zone.
2:22 of 2nd period - Snap shot by Morgan Geekie.
2:22 of 2nd period - Stopped by Ilya Sorokin without a rebound.
2:23 of 2nd period - Jack Studnicka wins face-off versus J.T. Miller in Calgary Flames zone.
2:36 of 2nd period - Wrist shot by John-Jason Peterka.
2:36 of 2nd period - Stopped by Ilya Sorokin without a rebound.
2:37 of 2nd period - Ryan Strome wins face-off versus Sebastian Aho in Calgary Flames zone.
2:40 of 2nd period - Snap shot by Morgan Geekie.
2:40 of 2nd period - Stopped by Ilya Sorokin without a rebound.
2:41 of 2nd period - Sebastian Aho wins face-off versus Michael Rasmussen in Calgary Flames zone.
2:52 of 2nd period - Michael Kesselring is hit by Sebastian Aho and loses puck.
3:23 of 2nd period - Snap shot by Morgan Geekie.
3:23 of 2nd period - Stopped by Ilya Sorokin with a rebound.
3:25 of 2nd period - Wrist shot by Morgan Geekie.
3:25 of 2nd period - Deflect By Rasmus Andersson.
3:25 of 2nd period - Goal by Morgan Geekie - Boston Bruins : 2 - Calgary Flames : 0.
3:26 of 2nd period - J.T. Miller wins face-off versus Jack Studnicka in neutral zone.
4:24 of 2nd period - Off-side.
4:25 of 2nd period - J.T. Miller wins face-off versus Jack Studnicka in neutral zone.
4:32 of 2nd period - Wrist shot by J.T. Miller.
4:32 of 2nd period - Shot Blocked by Drew O'Connor.
4:34 of 2nd period - Slapshot by Jeff Petry.
4:34 of 2nd period - Stopped by Olivier Rodrigue without a rebound.
4:35 of 2nd period - Pavel Zacha wins face-off versus Jack Studnicka in Boston Bruins zone.
4:48 of 2nd period - Snap shot by J.T. Miller.
4:48 of 2nd period - Deflect By Matthew Tkachuk.
4:48 of 2nd period - Stopped by Olivier Rodrigue without a rebound.
4:49 of 2nd period - Sebastian Aho wins face-off versus Alex Newhook in Boston Bruins zone.
4:50 of 2nd period - Wrist shot by Joel Eriksson Ek.
4:50 of 2nd period - Shot Misses the Net.
5:03 of 2nd period - Icing by Joel Eriksson Ek.
5:04 of 2nd period - Zach Hyman wins face-off versus Jack Studnicka in Calgary Flames zone.
5:58 of 2nd period - Snap shot by Alex Newhook.
5:58 of 2nd period - Stopped by Ilya Sorokin without a rebound.
5:59 of 2nd period - Jack Studnicka wins face-off versus J.T. Miller in Calgary Flames zone.
6:50 of 2nd period - Slapshot by Yakov Trenin.
6:50 of 2nd period - Stopped by Olivier Rodrigue with a rebound.
7:26 of 2nd period - Snap shot by Oliver Bjorkstrand.
7:26 of 2nd period - Stopped by Olivier Rodrigue without a rebound.
7:27 of 2nd period - Oliver Bjorkstrand wins face-off versus Drew O'Connor in Boston Bruins zone.
8:18 of 2nd period - Cam York is hit by Drew Doughty and loses puck.
8:27 of 2nd period - Slapshot by Garnet Hathaway.
8:27 of 2nd period - Shot Misses the Net.
8:29 of 2nd period - Snap shot by Nic Dowd.
8:29 of 2nd period - Shot Misses the Net.
8:39 of 2nd period - Cam York is hit by Mathieu Joseph and loses puck.
8:46 of 2nd period - Slapshot by Alex Newhook.
8:46 of 2nd period - Shot Misses the Net.
8:54 of 2nd period - Snap shot by Alex Newhook.
8:54 of 2nd period - Stopped by Ilya Sorokin with a rebound.
8:56 of 2nd period - Slapshot by Tyson Barrie.
8:56 of 2nd period - Stopped by Ilya Sorokin with a rebound.
9:08 of 2nd period - Snap shot by Alex Newhook.
9:08 of 2nd period - Shot Misses the Net.
9:10 of 2nd period - Slapshot by Anders Lee.
9:10 of 2nd period - Stopped by Ilya Sorokin without a rebound.
9:11 of 2nd period - Jack Studnicka wins face-off versus J.T. Miller in Calgary Flames zone.
9:14 of 2nd period - Backhand shot by Drew O'Connor.
9:14 of 2nd period - Stopped by Ilya Sorokin without a rebound.
9:15 of 2nd period - J.T. Miller wins face-off versus Jack Studnicka in Calgary Flames zone.
10:13 of 2nd period - Wrist shot by Mathieu Joseph.
10:13 of 2nd period - Stopped by Olivier Rodrigue with a rebound.
10:23 of 2nd period - Kris Letang is hit by Nick Perbix and loses puck.
10:44 of 2nd period - Kris Letang is hit by Alex Newhook and loses puck.
10:51 of 2nd period - Michael Kesselring is hit by Pavel Zacha.
11:10 of 2nd period - Michael Kesselring is hit by Joel Eriksson Ek and loses puck.
11:19 of 2nd period - Snap shot by Sebastian Aho.
11:19 of 2nd period - Deflect By Joel Eriksson Ek.
11:19 of 2nd period - Shot Blocked by Michael Kesselring.
11:19 of 2nd period - Puck is out of play.
11:20 of 2nd period - Jack Studnicka wins face-off versus Oliver Bjorkstrand in Boston Bruins zone.
12:15 of 2nd period - Wrist shot by Alex Newhook.
12:15 of 2nd period - Stopped by Ilya Sorokin with a rebound.
12:30 of 2nd period - Icing by Joel Farabee.
12:31 of 2nd period - Nic Dowd wins face-off versus Jack Studnicka in Boston Bruins zone.
12:42 of 2nd period - Wrist shot by John-Jason Peterka.
12:42 of 2nd period - Shot Misses the Net.
12:44 of 2nd period - Wrist shot by Drew O'Connor.
12:44 of 2nd period - Shot Misses the Net.
12:46 of 2nd period - Snap shot by John-Jason Peterka.
12:46 of 2nd period - Shot Blocked by Jake Middleton.
12:58 of 2nd period - Wrist shot by Anthony Beauvillier.
12:58 of 2nd period - Shot Hit the Post.
13:10 of 2nd period - Nick Perbix is hit by Garnet Hathaway and loses puck.
13:33 of 2nd period - Slapshot by Garnet Hathaway.
13:33 of 2nd period - Shot Blocked by Tyson Barrie.
13:39 of 2nd period - Wrist shot by Nic Dowd.
13:39 of 2nd period - Stopped by Olivier Rodrigue with a rebound.
13:43 of 2nd period - Slapshot by Yakov Trenin.
13:43 of 2nd period - Shot Misses the Net.
13:45 of 2nd period - Slapshot by Nic Dowd.
13:45 of 2nd period - Shot Misses the Net.
13:47 of 2nd period - Wrist shot by Garnet Hathaway.
13:47 of 2nd period - Stopped by Olivier Rodrigue with a rebound.
13:49 of 2nd period - Snap shot by Yakov Trenin.
13:49 of 2nd period - Stopped by Olivier Rodrigue with a rebound.
13:57 of 2nd period - Snap shot by Nic Dowd.
13:57 of 2nd period - Shot Blocked by Anthony Beauvillier.
14:15 of 2nd period - Snap shot by Garnet Hathaway.
14:15 of 2nd period - Goal by Garnet Hathaway - Boston Bruins : 2 - Calgary Flames : 1.
14:16 of 2nd period - J.T. Miller wins face-off versus Ryan Strome in neutral zone.
14:18 of 2nd period - Off-side.
14:19 of 2nd period - Ryan Strome wins face-off versus J.T. Miller in neutral zone.
14:41 of 2nd period - Minor Penalty to John Ludvig for Hooking.
14:42 of 2nd period - Alex Newhook wins face-off versus Joel Eriksson Ek in Boston Bruins zone.
16:41 of 2nd period - Penalty to John Ludvig is over, John Ludvig is back on ice.
16:55 of 2nd period - Jake Middleton is hit by Alex Vlasic and loses puck.
17:05 of 2nd period - Wrist shot by Oliver Bjorkstrand.
17:05 of 2nd period - Goal by Oliver Bjorkstrand - Boston Bruins : 2 - Calgary Flames : 2.
17:06 of 2nd period - Ryan Strome wins face-off versus Oliver Bjorkstrand in neutral zone.
17:31 of 2nd period - Joel Eriksson Ek is hit by Anders Lee and loses puck.
17:50 of 2nd period - Snap shot by Anthony Beauvillier.
17:50 of 2nd period - Shot Misses the Net.
18:16 of 2nd period - Wrist shot by Garnet Hathaway.
18:16 of 2nd period - Stopped by Olivier Rodrigue with a rebound.
18:22 of 2nd period - Slapshot by Cam York.
18:22 of 2nd period - Stopped by Ilya Sorokin without a rebound.
18:23 of 2nd period - Sebastian Aho wins face-off versus Ryan Strome in Calgary Flames zone.
19:31 of 2nd period - Rasmus Andersson is hit by Angus Crookshank and loses puck.
19:40 of 2nd period - Cam York is hit by Jeff Petry and loses puck.
Goals for this period are 1 for Boston Bruins vs 2 for Calgary Flames.
Shots for this period are 14 for Boston Bruins vs 15 for Calgary Flames.
3rd period
0:01 of 3rd period - J.T. Miller wins face-off versus Ryan Strome in neutral zone.
0:06 of 3rd period - Morgan Geekie is hit by J.T. Miller and loses puck.
0:11 of 3rd period - Wrist shot by Matthew Tkachuk.
0:11 of 3rd period - Deflect By J.T. Miller.
0:11 of 3rd period - Shot Blocked by Michael Rasmussen.
0:11 of 3rd period - Puck is out of play.
0:12 of 3rd period - Sebastian Aho wins face-off versus Alex Newhook in Boston Bruins zone.
0:39 of 3rd period - Pavel Zacha is hit by Ryan Strome and loses puck.
1:22 of 3rd period - Michael Kesselring is hit by Nic Dowd and loses puck.
1:27 of 3rd period - Wrist shot by Nic Dowd.
1:27 of 3rd period - Shot Misses the Net.
1:29 of 3rd period - Slapshot by Drew Doughty.
1:29 of 3rd period - Stopped by Olivier Rodrigue with a rebound.
1:34 of 3rd period - Icing by Michael Kesselring.
1:35 of 3rd period - Sebastian Aho wins face-off versus Aatu Raty in Boston Bruins zone.
1:54 of 3rd period - Wrist shot by Angus Crookshank.
1:54 of 3rd period - Stopped by Ilya Sorokin with a rebound.
2:36 of 3rd period - Snap shot by Angus Crookshank.
2:36 of 3rd period - Shot Misses the Net.
3:09 of 3rd period - Slapshot by Michael Kesselring.
3:09 of 3rd period - Stopped by Ilya Sorokin without a rebound.
3:10 of 3rd period - J.T. Miller wins face-off versus Alex Newhook in Calgary Flames zone.
3:10 of 3rd period - Jeremy Lauzon and Alex Vlasic fight to a draw.
3:10 of 3rd period - Penalty to Jeremy Lauzon for Fighting.
3:10 of 3rd period - Penalty to Alex Vlasic for Fighting.
3:11 of 3rd period - Anders Lee wins face-off versus J.T. Miller in Calgary Flames zone.
3:22 of 3rd period - Snap shot by Alex Newhook.
3:22 of 3rd period - Stopped by Ilya Sorokin with a rebound.
3:24 of 3rd period - Snap shot by Alex Newhook.
3:24 of 3rd period - Stopped by Ilya Sorokin with a rebound.
3:26 of 3rd period - Snap shot by Joel Farabee.
3:26 of 3rd period - Stopped by Ilya Sorokin without a rebound.
3:27 of 3rd period - Mathieu Joseph wins face-off versus Ryan Strome in Calgary Flames zone.
3:40 of 3rd period - Snap shot by Mathieu Joseph.
3:40 of 3rd period - Shot Misses the Net.
3:56 of 3rd period - Slapshot by Drew Doughty.
3:56 of 3rd period - Stopped by Olivier Rodrigue without a rebound.
3:57 of 3rd period - J.T. Miller wins face-off versus Alex Newhook in Boston Bruins zone.
4:06 of 3rd period - Wrist shot by J.T. Miller.
4:06 of 3rd period - Stopped by Olivier Rodrigue with a rebound.
4:18 of 3rd period - Snap shot by Joel Farabee.
4:18 of 3rd period - Shot Misses the Net.
4:20 of 3rd period - Slapshot by Nick Perbix.
4:20 of 3rd period - Shot Blocked by Drew Doughty.
4:22 of 3rd period - Minor Penalty to Matthew Tkachuk for Hooking.
4:23 of 3rd period - Ryan Strome wins face-off versus Joel Eriksson Ek in Calgary Flames zone.
4:48 of 3rd period - Joel Eriksson Ek is hit by Alex Newhook and loses puck.
4:55 of 3rd period - Snap shot by Alex Newhook.
4:55 of 3rd period - Shot Blocked by Drew Doughty.
4:57 of 3rd period - Slapshot by Cam York.
4:57 of 3rd period - Stopped by Ilya Sorokin with a rebound.
5:59 of 3rd period - Joel Eriksson Ek is hit by Tyson Barrie and loses puck.
6:22 of 3rd period - Penalty to Matthew Tkachuk is over, Matthew Tkachuk is back on ice.
6:37 of 3rd period - Slapshot by Jack Studnicka.
6:37 of 3rd period - Shot Misses the Net.
6:39 of 3rd period - Slapshot by Michael Kesselring.
6:39 of 3rd period - Deflect By Drew O'Connor.
6:39 of 3rd period - Stopped by Ilya Sorokin without a rebound.
6:40 of 3rd period - Oliver Bjorkstrand wins face-off versus John-Jason Peterka in Calgary Flames zone.
6:45 of 3rd period - Oliver Bjorkstrand is hit by Drew O'Connor and loses puck.
6:56 of 3rd period - Wrist shot by Drew O'Connor.
6:56 of 3rd period - Shot Misses the Net.
7:12 of 3rd period - Icing by Cam York.
7:13 of 3rd period - Aatu Raty wins face-off versus J.T. Miller in Boston Bruins zone.
7:20 of 3rd period - Wrist shot by J.T. Miller.
7:20 of 3rd period - Goal by J.T. Miller - Boston Bruins : 2 - Calgary Flames : 3.
7:21 of 3rd period - J.T. Miller wins face-off versus Ryan Strome in neutral zone.
8:27 of 3rd period - Cam York is hit by Garnet Hathaway and loses puck.
8:38 of 3rd period - Wrist shot by Michael Kesselring.
8:38 of 3rd period - Shot Misses the Net.
8:40 of 3rd period - Minor Penalty to Garnet Hathaway for High sticking.
8:41 of 3rd period - Pavel Zacha wins face-off versus Anders Lee in Calgary Flames zone.
8:52 of 3rd period - Slapshot by Cam York.
8:52 of 3rd period - Shot Misses the Net.
10:40 of 3rd period - Penalty to Garnet Hathaway is over, Garnet Hathaway is back on ice.
10:50 of 3rd period - Backhand shot by Cole Sillinger.
10:50 of 3rd period - Stopped by Olivier Rodrigue with a rebound.
10:54 of 3rd period - Slapshot by J.T. Miller.
10:54 of 3rd period - Stopped by Olivier Rodrigue with a rebound.
10:56 of 3rd period - Snap shot by Jeff Petry.
10:56 of 3rd period - Stopped by Olivier Rodrigue with a rebound.
10:58 of 3rd period - Snap shot by Garnet Hathaway.
10:58 of 3rd period - Shot Misses the Net.
11:00 of 3rd period - Wrist shot by Cole Sillinger.
11:00 of 3rd period - Stopped by Olivier Rodrigue without a rebound.
11:01 of 3rd period - Nic Dowd wins face-off versus Jack Studnicka in Boston Bruins zone.
11:04 of 3rd period - Snap shot by Yakov Trenin.
11:04 of 3rd period - Shot Misses the Net.
11:07 of 3rd period - Jeremy Lauzon beats up John Ludvig.
11:07 of 3rd period - Penalty to Jeremy Lauzon for Fighting.
11:07 of 3rd period - Penalty to John Ludvig for Fighting.
11:08 of 3rd period - Alex Newhook wins face-off versus J.T. Miller in neutral zone.
12:23 of 3rd period - Slapshot by Angus Crookshank.
12:23 of 3rd period - Goal by Angus Crookshank - Boston Bruins : 3 - Calgary Flames : 3.
12:24 of 3rd period - J.T. Miller wins face-off versus Ryan Strome in neutral zone.
12:39 of 3rd period - Snap shot by J.T. Miller.
12:39 of 3rd period - Stopped by Olivier Rodrigue with a rebound.
12:56 of 3rd period - Sebastian Aho is hit by Anders Lee.
13:18 of 3rd period - Snap shot by Cole Sillinger.
13:18 of 3rd period - Deflect By Oliver Bjorkstrand.
13:18 of 3rd period - Shot Misses the Net.
13:18 of 3rd period - Puck is out of play.
13:19 of 3rd period - Oliver Bjorkstrand wins face-off versus Ryan Strome in Boston Bruins zone.
13:30 of 3rd period - Minor Penalty to Tyson Barrie for High sticking.
13:31 of 3rd period - Alex Newhook wins face-off versus Sebastian Aho in Boston Bruins zone.
13:39 of 3rd period - Slapshot by Cam York.
13:39 of 3rd period - Shot Misses the Net.
14:01 of 3rd period - Snap shot by Joel Eriksson Ek.
14:01 of 3rd period - Shot Misses the Net.
14:03 of 3rd period - Wrist shot by Joel Eriksson Ek.
14:03 of 3rd period - Stopped by Olivier Rodrigue without a rebound.
14:04 of 3rd period - Ryan Strome wins face-off versus Joel Eriksson Ek in Boston Bruins zone.
14:32 of 3rd period - Cam York is hit by Sebastian Aho and loses puck.
14:45 of 3rd period - Ryan Strome is hit by Zach Hyman.
15:01 of 3rd period - Sebastian Aho is hit by Joel Farabee and loses puck.
15:30 of 3rd period - Penalty to Tyson Barrie is over, Tyson Barrie is back on ice.
15:48 of 3rd period - Wrist shot by Oliver Bjorkstrand.
15:48 of 3rd period - Shot Misses the Net.
17:21 of 3rd period - John Ludvig is hit by Yakov Trenin and loses puck.
17:28 of 3rd period - Slapshot by Garnet Hathaway.
17:28 of 3rd period - Stopped by Olivier Rodrigue without a rebound.
17:29 of 3rd period - Oliver Bjorkstrand wins face-off versus Jack Studnicka in Boston Bruins zone.
17:36 of 3rd period - Slapshot by Tyson Barrie.
17:36 of 3rd period - Stopped by Ilya Sorokin with a rebound.
17:38 of 3rd period - Snap shot by John-Jason Peterka.
17:38 of 3rd period - Stopped by Ilya Sorokin without a rebound.
17:39 of 3rd period - Oliver Bjorkstrand wins face-off versus Jack Studnicka in Calgary Flames zone.
18:29 of 3rd period - Wrist shot by Drew O'Connor.
18:29 of 3rd period - Shot Misses the Net.
18:31 of 3rd period - Slapshot by Tyson Barrie.
18:31 of 3rd period - Stopped by Ilya Sorokin without a rebound.
18:32 of 3rd period - Joel Farabee wins face-off versus Pavel Zacha in Calgary Flames zone.
18:33 of 3rd period - Slapshot by Alex Newhook.
18:33 of 3rd period - Stopped by Ilya Sorokin without a rebound.
18:34 of 3rd period - Alex Newhook wins face-off versus J.T. Miller in Calgary Flames zone.
18:35 of 3rd period - Snap shot by Joel Farabee.
18:35 of 3rd period - Shot Misses the Net.
18:49 of 3rd period - Wrist shot by J.T. Miller.
18:49 of 3rd period - Shot Misses the Net.
18:51 of 3rd period - Slapshot by Rasmus Andersson.
18:51 of 3rd period - Stopped by Olivier Rodrigue with a rebound.
19:21 of 3rd period - Wrist shot by Cam York.
19:21 of 3rd period - Stopped by Ilya Sorokin with a rebound.
19:23 of 3rd period - Backhand shot by Angus Crookshank.
19:23 of 3rd period - Shot Blocked by Pavel Zacha.
19:25 of 3rd period - Wrist shot by Drew O'Connor.
19:25 of 3rd period - Shot Misses the Net.
19:27 of 3rd period - Wrist shot by John-Jason Peterka.
19:27 of 3rd period - Stopped by Ilya Sorokin without a rebound.
19:28 of 3rd period - Drew O'Connor wins face-off versus Oliver Bjorkstrand in Calgary Flames zone.
Goals for this period are 1 for Boston Bruins vs 1 for Calgary Flames.
Shots for this period are 14 for Boston Bruins vs 12 for Calgary Flames.
Overtime #1
0:01 of 1st overtime period - Alex Newhook wins face-off versus Pavel Zacha in neutral zone.
0:14 of 1st overtime period - Slapshot by Joel Farabee.
0:14 of 1st overtime period - Shot Misses the Net.
0:16 of 1st overtime period - Wrist shot by Alex Newhook.
0:16 of 1st overtime period - Stopped by Ilya Sorokin with a rebound.
0:26 of 1st overtime period - Alex Vlasic is hit by Matthew Tkachuk and loses puck.
2:13 of 1st overtime period - Slapshot by Drew Doughty.
2:13 of 1st overtime period - Deflect By Oliver Bjorkstrand.
2:13 of 1st overtime period - Stopped by Olivier Rodrigue with a rebound.
2:15 of 1st overtime period - Wrist shot by Oliver Bjorkstrand.
2:15 of 1st overtime period - Shot Blocked by Michael Kesselring.
3:19 of 1st overtime period - Angus Crookshank is hit by Matthew Tkachuk and loses puck.
3:26 of 1st overtime period - Jeremy Lauzon is hit by Drew O'Connor and loses puck.
4:22 of 1st overtime period - Wrist shot by Cole Sillinger.
4:22 of 1st overtime period - Stopped by Olivier Rodrigue without a rebound.
4:23 of 1st overtime period - Ryan Strome wins face-off versus Oliver Bjorkstrand in Boston Bruins zone.
Goals for this period are 0 for Boston Bruins vs 0 for Calgary Flames.
Shots for this period are 1 for Boston Bruins vs 2 for Calgary Flames.
ShootOut
5:00 of 1st overtime period - Round #1.
5:00 of 1st overtime period - Boston Bruins, Alex Newhook.
5:00 of 1st overtime period - Snap shot by Alex Newhook.
5:00 of 1st overtime period - Stopped by Ilya Sorokin.
5:00 of 1st overtime period - Calgary Flames, J.T. Miller.
5:00 of 1st overtime period - Wrist shot by J.T. Miller.
5:00 of 1st overtime period - Stopped by Olivier Rodrigue.
5:00 of 1st overtime period - Round #2.
5:00 of 1st overtime period - Boston Bruins, Joel Farabee.
5:00 of 1st overtime period - Snap shot by Joel Farabee.
5:00 of 1st overtime period - Stopped by Ilya Sorokin.
5:00 of 1st overtime period - Calgary Flames, Sebastian Aho.
5:00 of 1st overtime period - Deke by Sebastian Aho.
5:00 of 1st overtime period - Shot Misses the Net.
5:00 of 1st overtime period - Round #3.
5:00 of 1st overtime period - Boston Bruins, Ryan Strome.
5:00 of 1st overtime period - Deke by Ryan Strome.
5:00 of 1st overtime period - Stopped by Ilya Sorokin.
5:00 of 1st overtime period - Calgary Flames, Joel Eriksson Ek.
5:00 of 1st overtime period - Deke by Joel Eriksson Ek.
5:00 of 1st overtime period - Goal by Joel Eriksson Ek.
Back to the Top